 Dungeon Crawl Stone Soup version 0.30-a0-953-g5f1da4a474 (webtiles) character file.

Game seed: 17765648473459611214

144 Firecrotchwizard the Shooter (level 5, 0/46 HPs)
             Began as a Hill Orc Hunter on Mar 29, 2023.
             Succumbed to a kobold's poison
             ... in a sewer.
             The game lasted 00:03:09 (2158 turns).

Firecrotchwizard the Shooter (Hill Orc Hunter)      Turns: 2158, Time: 00:03:10

Health: 0/46       AC:  9    Str: 14    XL:     5   Next: 27%
Magic:  5/5        EV: 11    Int:  9    God:
Gold:   108        SH:  0    Dex: 16    Spells: 4/4 levels left

rFire   . . .      SeeInvis .    a - +0 shortbow
rCold   . . .      Faith    .    (shield currently unavailable)
rNeg    . . .      Spirit   .    h - +0 ring mail
rPois   .          Reflect  .    (no helmet)
rElec   .          Rampage  .    (no cloak)
rCorr   .                        (no gloves)
Will    .....                    (no boots)
Stlth   +                        d - amulet of magic regeneration
HPRegen 0.27/turn                Q - +4 ring of slaying
MPRegen 0.49/turn                A - +4 ring of protection

@: lethally poisoned (0 -> -29), very slow
A: no striking features
a: no special abilities


You were in a sewer.
You visited 1 branch of the dungeon, and saw 3 of its levels.
You also visited: Sewer.

You collected 108 gold pieces.

Inventory:

Hand Weapons
 a - a +0 shortbow (weapon)
Missiles
 k - 3 boomerangs
 s - 26 stones
Armour
 c - a +0 leather armour
 h - a +0 ring mail (worn)
   (You found it on level 2 of the Dungeon)
Jewellery
 d - an amulet of magic regeneration (around neck)
   (You found it on level 1 of the Dungeon)
 A - a +4 ring of protection (right hand)
   (You found it on level 2 of the Dungeon)
 Q - a +4 ring of slaying (left hand)
   (You found it on level 1 of the Dungeon)
Scrolls
 b - 2 scrolls of teleportation {unknown}
 e - a scroll of identify {unknown}
 g - a scroll of enchant armour {unknown}
 K - 2 scrolls of immolation {!r}
Potions
 f - a potion of degeneration {unknown}
 i - a potion of curing {unknown}
 j - a potion of attraction {unknown}


   Skills:
 + Level 3.8 Fighting
 * Level 4.8 Ranged Weapons
 + Level 2.3 Armour
 - Level 1.5 Dodging
 - Level 0.7 Stealth


You had 4 spell levels left.
You didn't know any spells.
Your spell library was empty.

Dungeon Overview and Level Annotations

Branches:
Dungeon (3/15)              Sewer (1/1)

Altars:


Message History

You kill the rat!
The rat closely misses you. The rat completely misses you. The rat bites you.
You take 1 damage, and have 45/46 hp.
You shoot an arrow. The arrow hits the rat!
You kill the rat!
The rat bites you but does no damage.
You shoot an arrow. The arrow hits the rat!
You kill the rat!
Health restored: 46 No target in view!
No target in view!
No target in view!
There is a gate leading back out of this place here.
You see here a river rat corpse.
There is an empty arch of ancient stone here.
Things that are here:
a rat corpse; a rat corpse You see here a rat corpse.
You enter the shallow water.
Moving in this stuff is going to be slow.
A jackal comes into view.
The jackal barks!
You hear a shout! x2; You hear a bark!
A jackal comes into view.
A kobold comes into view. It is wielding a +0 short sword.
You shoot an arrow. The arrow barely misses the jackal.
The arrow hits the kobold.
You kill the kobold!
You shoot an arrow. The arrow barely misses the jackal.
You shoot an arrow. The arrow hits the jackal.
You shoot an arrow. The arrow hits the jackal!
You kill the jackal!
You shoot an arrow. The arrow hits the jackal.
You shoot an arrow. The arrow hits the jackal!
You kill the jackal!
A kobold brigand comes into view.
It is wielding a +0 dagger and quivering poisoned darts.
A kobold comes into view.
It is wielding a +0 short sword and quivering poisoned darts.
You shoot an arrow. The kobold shouts!
The kobold brigand shouts!
The arrow hits the kobold brigand!
You hear a shout! x2
You shoot an arrow.
The arrow hits the kobold brigand but does no damage.
The kobold brigand throws a poisoned dart.
The poisoned dart hits you!
You are poisoned.
You shoot an arrow. The arrow hits the kobold brigand.
You feel very sick.
You take 4 damage, and have 42/46 hp.
You shoot an arrow. The arrow hits the kobold brigand.
You feel sick.
The kobold brigand throws a poisoned dart.
The poisoned dart barely misses you.
You take 1 damage, and have 41/46 hp.
You shoot an arrow.
The arrow barely misses the kobold brigand.
The arrow closely misses the kobold.
You feel sick.
The kobold throws a poisoned dart.
The poisoned dart hits you!
You are more poisoned.
The kobold brigand throws a poisoned dart.
The poisoned dart hits you!
You are more poisoned.
The kobold throws a poisoned dart.
The poisoned dart hits you!
You are more poisoned.
You take 2 damage, and have 39/46 hp.
Okay, then.
You shoot an arrow. The arrow hits the kobold brigand.
You feel extremely sick.
The kobold brigand throws a poisoned dart.
The poisoned dart hits you!
You are lethally poisoned!
You take 9 damage, and have 30/46 hp.
You are too injured to fight recklessly!
You are too injured to fight recklessly!
Fire: a) +0 shortbow
Aim: a kobold brigand, wielding a +0 dagger and quivering poisoned darts (heavily wounded, 61% to hit)
You shoot an arrow.
The arrow barely misses the kobold brigand.
You feel extremely sick.
The kobold brigand throws a poisoned dart.
The poisoned dart hits you!
You are more poisoned.
The kobold throws a poisoned dart.
The poisoned dart hits you.
You are more poisoned.
You take 8 damage, and have 22/46 hp.
Fire: a) +0 shortbow
Aim: a kobold brigand, wielding a +0 dagger and quivering poisoned darts (heavily wounded, 61% to hit)
You shoot an arrow.
The arrow hits the kobold brigand but does no damage.
* * * LOW HITPOINT WARNING * * *
You feel extremely sick.
A jackal comes into view.
The kobold brigand throws a poisoned dart.
The poisoned dart misses you.
You take 13 damage, and have 9/46 hp.
MASSIVE DAMAGE!!
Fire: a) +0 shortbow
Aim: a kobold brigand, wielding a +0 dagger and quivering poisoned darts (heavily wounded, 61% to hit)
You shoot an arrow.
The arrow barely misses the kobold brigand.
The jackal barks!
You die...

#.~≈ #.~≈ ..~≈~ #.~≈≈
#.~≈~. #.~≈~~#
.~~≈~~~#################
~.~≈~~~@~~~~~~~~~~~~~~~~
.~~≈~.~#################
..~≈~KK .~~≈~~~ ~~≈≈≈†.
.~≈≈≈~. ~~≈≈≈~. )~~~h.~


You could see a kobold brigand, a jackal and a kobold.

Vanquished Creatures
  A sleepcap (D:3)
  An iguana (D:3)
  An adder (D:2)
  A river rat (Sewer)
  3 dart slugs
  3 orcs (D:3)
  6 ball pythons
  5 endoplasms
  7 giant cockroaches
  7 goblins
  2 hobgoblins
  2 jackals (Sewer)
  4 quokkas
  6 bats (D:1)
  4 frilled lizards
  4 kobolds
  7 rats
64 creatures vanquished.

Notes
Turn   | Place    | Note
-------+----------+-------------------------------------------
     0 | D:1      | Firecrotchwizard the Hill Orc Hunter began the quest for
                  | the Orb.
     0 | D:1      | Reached XP level 1. HP: 18/18 MP: 1/1
   377 | D:1      | Reached XP level 2. HP: 25/25 MP: 2/2
   626 | D:1      | Reached skill level 1 in Armour
   746 | D:1      | Reached skill level 4 in Ranged Weapons
   861 | D:2      | Reached XP level 3. HP: 30/30 MP: 3/3
   872 | D:2      | Reached skill level 3 in Fighting
  1935 | D:3      | Reached XP level 4. HP: 38/38 MP: 4/4
  1996 | D:3      | Reached skill level 2 in Armour
  2011 | D:3      | Reached XP level 5. HP: 46/46 MP: 5/5
  2099 | D:3      | Found a glowing drain.
  2109 | Sewer    | Entered a sewer
  2149 | Sewer    | Noticed a kobold brigand
  2157 | Sewer    | HP: 9/46 [poisoned by a kobold]
  2158 | Sewer    | Succumbed to a kobold's poison

Illustrated notes

Levels and vault maps discovered:
D:1:      dpeg_arrival_radiant, layout_basic
D:2:      layout_basic, serial_bayou_pond_b, amcnicky_mini_pool_small
D:3:      layout_basic, gup_sewer_entry_pipe,
          hellmonk_ecumenical_altar_defaced_shrine
Sewer:    sewer_kobolds

Skill      XL: |  1  2  3  4 |
---------------+-------------+-----
Armour         | 1 2 |  2.3
Ranged Weapons | 4 |  4.8
Fighting       | 3 |  3.8
Dodging        | |  1.5
Stealth        | |  0.7

Action                     |  1- 3 |  4- 6 || total
---------------------------+-------+-------++-------
   Fire: Shortbow          |    76 |    55 ||   131
 Armour: Ring mail         |     4 |    12 ||    16
         Leather armour    |     3 |       ||     3
  Dodge: Dodged            |     5 |    13 ||    18

Table legend: (Time is in decaauts)
 A = Elapsed time spent in this place.
 B = Non-inter-level travel time spent in this place.
 C = Inter-level travel time spent in this place.
 D = Time resting spent in this place.
 E = Time spent auto-exploring this place.
 F = Levels seen in this place.
 G = Mean time per level.
                   A        B        C        D        E       F      G
               +--------+--------+--------+--------+--------+-----+--------+
         Total |   2221 |   2172 |     49 |     17 |   1882 |   4 |  555.2 |
       Dungeon |   2154 |   2105 |     49 |     17 |   1846 |   3 |  718.0 |
         Sewer |     67 |     67 |      0 |      0 |     36 |   1 |   67.0 |
               +--------+--------+--------+--------+--------+-----+--------+

Top non-repeatable levels by time:
     D:2: 1145 daAuts
     D:1: 776 daAuts
     D:3: 231 daAuts
   Sewer: 67 daAuts

Table legend:
 A = Kills in this place as a percentage of kills in the entire game.
 B = Kills by you in this place as a percentage of kills by you in the entire game.
 C = Kills by friends in this place as a percentage of kills by friends in the entire game.
 D = Other kills in this place as a percentage of other kills in the entire game.
 E = Experience gained in this place as a percentage of experience gained in the entire game.
 F = Experience gained in this place divided by the number of levels of this place that you have seen.
                   A       B       C       D       E      F
               +-------+-------+-------+-------+-------+----------------------
         Total | 100.0 | 100.0 |   N/A |   N/A | 100.0 |  51.8
       Dungeon |  87.5 |  87.5 |   N/A |   N/A |  89.4 |  61.7
         Sewer |  12.5 |  12.5 |   N/A |   N/A |  10.6 |  22.0
               +-------+-------+-------+-------+-------+----------------------
